 Dungeon Crawl Stone Soup version 0.19.0-2-gae57169 (webtiles) character file.

277 Inkary the Poker (level 6, -1/48 HPs)
             Began as a Merfolk Abyssal Knight on Nov 5, 2016.
             Was a Believer of Lugonu.
             Slain by a centaur (6 damage)
             ... on level 4 of the Dungeon.
             The game lasted 00:05:52 (2982 turns).

Inkary the Poker (Merfolk Abyssal Knight)           Turns: 2982, Time: 00:05:53

Health: -1/48      AC:  3    Str: 14    XL:     6   Next: 26%
Magic:  8/8        EV: 13    Int: 11    God:    Lugonu [**....]
Gold:   201        SH:  0    Dex: 14    Spells: 0 memorised, 5 levels left

rFire  . . .     SeeInvis .     a - +1 spear
rCold  . . .     Gourm    .     b - +0 leather armour
rNeg   . . .     Faith    .     (no shield)
rPois  .         Spirit   .     (no helmet)
rElec  .         Reflect  .     (no cloak)
rCorr  .         Harm     .     (no gloves)
MR     .....                    (no boots)
Stlth  +.........               (no amulet)
                                (no ring)
                                (no ring)

@: no status effects
A: change form in water, swift swim, stealthy swim
a: Depart the Abyss, Bend Space, Renounce Religion


You were on level 4 of the Dungeon.
You worshipped Lugonu.
Lugonu was pleased with you.
You were not hungry.

You visited 1 branch of the dungeon, and saw 4 of its levels.
You visited the Abyss 1 time.

You collected 201 gold pieces.

Inventory:

Hand Weapons
 a - a +1 spear (weapon)
Armour
 b - a +0 leather armour (worn)
 e - a +0 shield
Wands
 t - a wand of random effects (19/48)
Scrolls
 d - 3 scrolls of identify {unknown}
 i - 2 scrolls of magic mapping {unknown}
 l - a scroll of blinking {unknown}
 p - a scroll of teleportation {unknown}
 r - 2 scrolls of amnesia {unknown}
 s - a scroll of fear {unknown}
Potions
 g - 2 potions of heal wounds {unknown}
 h - a potion of invisibility {unknown}
 j - 2 potions of lignification {unknown}
 k - 2 potions of curing {unknown}
 m - a potion of mutation {unknown}
 n - 2 potions of degeneration {unknown}
 o - a potion of berserk rage {unknown}
 q - a potion of cancellation {unknown}
 v - 2 potions of haste {unknown}
 w - a potion of agility {unknown}
Comestibles
 c - 2 bread rations
 f - a slice of pizza
 u - a meat ration


   Skills:
 + Level 4.2 Fighting
 * Level 6.1 Polearms
 - Level 1.8 Armour
 + Level 3.9 Dodging
 + Level 0.0 Shields
 - Level 3.2 Invocations


You had 5 spell levels left.
You didn't know any spells.

Dungeon Overview and Level Annotations

Branches:
Dungeon (4/15)
 Temple: D:4-7

Altars:


Message History

The centaur hits you.
* * * LOW HITPOINT WARNING * * *
You hit the centaur but do no damage.
The centaur is severely wounded.
The centaur closely misses you.
You barely miss the centaur.
The centaur is severely wounded.
The centaur misses you.
You hit the centaur.
The centaur is almost dead.
The centaur barely misses you.
You hit the centaur.
The centaur is almost dead.
The centaur barely misses you.
You barely miss the centaur.
The centaur is almost dead.
The centaur hits you.
* * * LOW HITPOINT WARNING * * *
The centaur hits you.
You die...

#.# #.#
#.# #.#
#.# #.#
#.#
#(########
#.@c......
##########


You could see a centaur.

Vanquished Creatures
  The ghost of BadBadger the Sneak, an amateur OpAs of Xom (D:3)
  A hound (D:3)
  Natasha (D:2)
  A hound skeleton (D:3)
  2 adders
  A worm (D:3)
  2 dart slugs (D:2)
  A leopard gecko (D:1)
  4 orcs
  A ball python (D:3)
  3 giant cockroaches
  10 goblins
  11 hobgoblins
  9 kobolds
  2 quokkas (D:3)
  7 bats
  6 frilled lizards
  A rat (D:1)
64 creatures vanquished.

Notes
Turn   | Place    | Note
-------+----------+-------------------------------------------
     0 | Abyss:1  | Inkary the Merfolk Abyssal Knight began the quest for the Orb.
     0 | Abyss:1  | Reached XP level 1. HP: 18/18 MP: 2/2
    49 | D:1      | Escaped the Abyss
   461 | D:1      | Reached XP level 2. HP: 23/24 MP: 3/3
   560 | D:1      | Reached * piety under Lugonu
   785 | D:1      | Reached XP level 3. HP: 23/29 MP: 4/4
  1072 | D:2      | Found a faded altar of an unknown god.
  1079 | D:2      | Reached skill level 4 in Polearms
  1079 | D:2      | Reached skill level 1 in Armour
  1380 | D:2      | Noticed Natasha
  1398 | D:2      | Killed Natasha
  1398 | D:2      | Reached XP level 4. HP: 37/37 MP: 4/6
  1501 | D:2      | Reached ** piety under Lugonu
  1866 | D:3      | Noticed BadBadger's ghost (amateur OpAs)
  1904 | D:3      | Killed BadBadger's ghost
  1904 | D:3      | Reached skill level 5 in Polearms
  1904 | D:3      | Reached XP level 5. HP: 26/42 MP: 7/7
  2370 | D:3      | Reached XP level 6. HP: 44/48 MP: 8/8
  2527 | D:3      | Reached skill level 6 in Polearms
  2982 | D:4      | Slain by a centaur

Skill      XL: |  1  2  3  4  5  6 |
---------------+-------------------+-----
Dodging        | 3 |  3.9
Polearms       | 4 5 6 |  6.1
Armour         | 1 |  1.8
Fighting       | 4 |  4.2
Invocations    | 3 |  3.2

Action                   |  1- 3 |  4- 6 || total
-------------------------+-------+-------++-------
Melee: Spear             |   129 |   140 ||   269
Invok: Depart the Abyss  |     1 |       ||     1
  Use: Potion            |     1 |       ||     1
 Stab: Sleeping          |     2 |     1 ||     3
       Distracted        |     2 |       ||     2
  Eat: Chunk             |     1 |     6 ||     7
Armor: Leather armour    |    16 |    19 ||    35
Dodge: Dodged            |    59 |    83 ||   142
